 Dungeon Crawl Stone Soup version 0.24.1-4-ge52af88ad5 (webtiles) character file.

Game seed: 12420557512080803949, levelgen mode: deterministic

39 Curus the Distorting Demonspawn (level 3, 0/29 HPs)
             Began as a Demonspawn Abyssal Knight on Apr 21, 2020.
             Was a Believer of Lugonu.
             Killed from afar by Sigmund (10 damage)
             ... with a puff of flame
             ... on level 2 of the Dungeon.
             The game lasted 00:05:22 (1238 turns).

Curus the Distorting Demonspawn (DsAK)              Turns: 1238, Time: 00:05:23

Health: 0/29       AC:  3    Str: 12    XL:     3   Next: 28%
Magic:  5/5        EV: 11    Int: 13    God:    Lugonu [**....]
Gold:   66         SH:  0    Dex: 13    Spells: 2/2 levels left

rFire    . . .     SeeInvis .   a - +1 spear
rCold    . . .     Gourm    .   (no shield)
rNeg     . . .     Faith    .   b - +0 leather armour
rPois    .         Spirit   .   (no helmet)
rElec    .         Reflect  .   (no cloak)
rCorr    .         Harm     .   (no gloves)
MR       .....                  (no boots)
Stlth    +.........             (no amulet)
HPRegen  0.09/turn              (no ring)
MPRegen  0.09/turn              (no ring)

@: about to teleport
A: powered by pain 2
a: Depart the Abyss, Bend Space, Renounce Religion


You were on level 2 of the Dungeon.
You worshipped Lugonu.
Lugonu was pleased with you.
You were not hungry.

You visited 1 branch of the dungeon, and saw 2 of its levels.
You visited the Abyss 1 time.

You collected 66 gold pieces.

Inventory:

Hand Weapons
 a - a +1 spear (weapon)
Armour
 b - a +0 leather armour (worn)
Scrolls
 d - 4 scrolls of identify
 e - a scroll of remove curse
Comestibles
 c - 5 rations


   Skills:
 - Level 3.0 Fighting
 + Level 2.7 Polearms
 - Level 1.7 Armour
 - Level 0.8 Dodging
 + Level 3.9 Invocations


You had 2 spell levels left.
You didn't know any spells.
Your spell library was empty.

Dungeon Overview and Level Annotations

Branches:
Dungeon (2/15)

Altars:

Annotations:
D:2 Sigmund


Innate Abilities, Weirdness & Mutations

You sometimes gain power by taking damage.


Message History

Lugonu accepts your kill.
Press: ? - help, v - describe, . - travel
Here: Sigmund, wielding a +0 scythe and wearing a +0 robe The floor.
Unknown command.
Sigmund mumbles some strange words.
Sigmund flickers and vanishes!
Deactivating autopickup; reactivate with Ctrl-A.
Things that are here:
a +0 club; a scroll labeled UMONALE QUGE; a hobgoblin corpse Unknown command.
f - a scroll labeled UMONALE QUGE Something hits you.
You puncture something! Something hits you.
As you read the scroll labeled UMONALE QUGE, it crumbles to dust.
You feel strangely unstable.
It was a scroll of teleportation.
You hear some strange, mumbled words.
A puff of flame appears from out of thin air!
The puff of flame hits you!
You die...

... .. #.. .
#.# . #.. .#
##.##.#
.....#...
#{....... ##)#
#@.# #.####
#.##.# ##.#.#
#...# ####..##
### #......#
......###.##.#
.... ##.##..


There were no monsters in sight!

Vanquished Creatures
  A dart slug (D:1)
  A leopard gecko (D:1)
  2 giant cockroaches (D:1)
  7 goblins
  8 hobgoblins
  A quokka (D:2)
  A ball python (D:1)
  3 bats (D:1)
  A frilled lizard (D:1)
  4 kobolds (D:1)
  3 rats (D:1)
32 creatures vanquished.

Notes
Turn   | Place    | Note
-------+----------+-------------------------------------------
     0 | Abyss:1  | Curus the Demonspawn Abyssal Knight began the quest for the
                  | Orb.
     0 | Abyss:1  | Reached XP level 1. HP: 18/18 MP: 2/2
    43 | D:1      | Escaped the Abyss
   413 | D:1      | Gained mutation: You sometimes gain a little power by
                  | taking damage. [demonic ancestry]
   413 | D:1      | Reached XP level 2. HP: 21/24 MP: 4/4
   924 | D:1      | Reached ** piety under Lugonu
   958 | D:1      | Gained mutation: You sometimes gain power by taking damage.
                  | [demonic ancestry]
   958 | D:1      | Reached XP level 3. HP: 21/29 MP: 5/5
  1228 | D:2      | Noticed Sigmund
  1238 | D:2      | Killed from afar by Sigmund

Levels and vault maps discovered:
D:1:      matt_arrival_spirals, layout_basic, serial_bayou_lake_a
D:2:      layout_loops_cross, kennysheep_generic_room_15, uniq_sigmund

Skill      XL: |  1 |
---------------+----+-----
Polearms       | 2 |  2.7
Invocations    | 3 |  3.9
Fighting       | |  3.0
Armour         | |  1.7
Dodging        | |  0.8

Action                   || total
-------------------------++-------
Melee: Spear             ||   124
  Use: Scroll            ||     5
       Potion            ||     1
  Eat: Chunk             ||     1
Armor: Leather armour    ||    31
Dodge: Dodged            ||    49
